 Dungeon Crawl Stone Soup version 0.25.1-2-g60ff931df9 (webtiles) character file.

Game seed: 15193722491262113411

9519 raphialitos the Blocker (level 11, -4/89 HPs)
             Began as a Gnoll Fighter on Oct 8, 2020.
             Was an Initiate of Gozag.
             Slain by a skeletal warrior
             ... wielding a +0 short sword
             ... led by a skeletal warrior
              (7 damage)
             ... on level 12 of the Dungeon.
             The game lasted 00:30:46 (12231 turns).

raphialitos the Blocker (Gnoll Fighter)            Turns: 12231, Time: 00:30:46

Health: -4/89      AC:  9    Str: 24    XL:     11   Next: 47%
Magic:  20/20      EV: 16    Int: 18    God:    Gozag
Gold:   1702       SH: 18    Dex: 21    Spells: 22/22 levels left

rFire    . . .     SeeInvis .   p - +2 demon whip (venom)
rCold    . . .     Gourm    .   c - +0 kite shield
rNeg     . . .     Faith    .   P - +2 leather armour of Pouroka {MR+ Str+2}
rPois    .         Spirit   .   (no helmet)
rElec    .         Reflect  +   h - scarf {harm}
rCorr    .         Harm     +   g - +0 pair of gloves
MR       +....                  t - +0 pair of boots
Stlth    +++.......             E - amulet of reflection
HPRegen  0.24/turn              C - ring of Departure {*Corrode +Inv Str+2 Int+6}
MPRegen  0.17/turn              L - +6 ring of dexterity

@: no status effects
A: distributed training, fangs 1, strong nose
a: Potion Petition, Call Merchant, Bribe Branch, Renounce Religion, Evoke
Invisibility


You were on level 12 of the Dungeon.
You worshipped Gozag.
Gozag was most pleased with you.
You were not hungry.

You visited 2 branches of the dungeon, and saw 13 of its levels.

You collected 1829 gold pieces.
You paid 127 gold pieces to Gozag.

Inventory:

Hand Weapons
 j - a +2 short sword of speed
 p - a +2 demon whip of venom (weapon)
 X - the +2 arbalest of Quantum Leap {venom, rN++ Str+2 Stlth+}
   (You found it on level 11 of the Dungeon)

   It poisons the ammo it fires.
   It affects your strength (+2).
   It greatly protects you from negative energy.
   It makes you more stealthy.
Missiles
 u - 7 boomerangs
 v - 7 datura-tipped darts (quivered)
 x - 178 arrows
 z - 41 bolts
 I - 19 poisoned darts
 W - 7 boomerangs of dispersal
Armour
 c - a +0 kite shield (worn)
 g - a +0 pair of gloves (worn)
 h - a scarf of harm (worn)
 t - a +0 pair of boots (worn)
 O - the +1 robe of the Yeti {rElec Int+2}
   (You found it on level 9 of the Dungeon)

   It affects your intelligence (+2).
   It insulates you from electricity.
 P - the +2 leather armour of Pouroka (worn) {MR+ Str+2}
   (You found it on level 10 of the Dungeon)

   It affects your strength (+2).
   It affects your resistance to hostile enchantments.
Jewellery
 C - the ring of Departure (left hand) {*Corrode +Inv Str+2 Int+6}
   (You found it on level 11 of the Dungeon)

   [ring of intelligence]

   It affects your strength (+2).
   It affects your intelligence (+6).
   It lets you turn invisible.
   It may corrode you when you take damage.
 E - an amulet of reflection (around neck)
 L - a +6 ring of dexterity (right hand)
 N - an uncursed ring of magical power
Wands
 l - a wand of paralysis (6)
 y - a wand of polymorph (17)
 U - a wand of iceblast (23)
Scrolls
 a - a scroll of vulnerability {unknown}
 d - a scroll of remove curse
 e - 3 scrolls of identify
 m - a scroll of magic mapping
 q - a scroll of enchant armour
 s - 2 scrolls of amnesia
 w - a scroll of immolation {unknown}
 B - 4 scrolls of teleportation
 G - 2 scrolls of fear
 K - a scroll of fog
 R - a scroll of enchant weapon {unknown}
 S - a scroll of silence {unknown}
Potions
 b - a potion of stabbing {unknown}
 k - 2 potions of magic
 n - 2 potions of berserk rage
 o - 3 potions of curing
 r - 4 potions of flight
 A - a potion of brilliance
 D - a potion of haste
 H - a potion of cancellation {unknown}
 M - 2 potions of ambrosia {unknown}
 T - a potion of lignification {unknown}
 V - a potion of mutation {unknown}
 Y - a potion of resistance {unknown}
Miscellaneous
 Z - a phantom mirror
Comestibles
 f - 5 rations


   Skills:
 + Level 9.1 Fighting
 + Level 6.2 Short Blades
 + Level 7.8 Long Blades
 + Level 6.2 Axes
 + Level 6.2 Maces & Flails
 + Level 6.2 Polearms
 + Level 6.2 Staves
 + Level 6.2 Slings
 + Level 6.2 Bows
 + Level 6.2 Crossbows
 + Level 6.2 Throwing
 + Level 9.1 Armour
 + Level 6.2 Dodging
 + Level 6.2 Stealth
 + Level 9.1 Shields
 + Level 6.2 Unarmed Combat
 + Level 6.2 Spellcasting
 + Level 5.1 Conjurations
 + Level 5.1 Hexes
 + Level 5.1 Charms
 + Level 5.1 Summonings
 + Level 5.1 Necromancy
 + Level 5.1 Translocations
 + Level 5.1 Transmutations
 + Level 5.1 Fire Magic
 + Level 5.1 Ice Magic
 + Level 5.1 Air Magic
 + Level 5.1 Earth Magic
 + Level 5.1 Poison Magic
 + Level 6.8 Invocations
 + Level 6.2 Evocations


You had 22 spell levels left.
You didn't know any spells.
Your spell library contained the following spells:

 Spells                   Type           Power        Failure   Level  Hunger
 Corona                   Hex            ###....      3%          1    None
 Magic Dart               Conj           ###.         3%          1    None
 Blink                    Tloc           N/A          4%          2    None
 Call Imp                 Summ           ###.....     4%          2    None
 Slow                     Hex            ###.....     4%          2    None
 Confusing Touch          Hex            ###.....     10%         3    ##.....
 Conjure Flame            Conj/Fire      ###.....     10%         3    ##.....
 Gell's Gravitas          Tloc           ###.......   10%         3    ##.....
 Inner Flame              Hex/Fire       ###.....     10%         3    ##.....
 Mephitic Cloud           Conj/Pois/Air  ###.....     10%         3    ##.....
 Portal Projectile        Hex/Tloc       ###...       10%         3    ##.....
 Cause Fear               Hex            ###.......   32%         4    ####...
 Leda's Liquefaction      Hex/Erth       ###.......   32%         4    ####...
 Petrify                  Tmut/Erth      ###.....     32%         4    ####...
 Metabolic Englaciation   Hex/Ice        ###.......   67%         5    #####..
 Yara's Violent Unravell  Hex/Tmut       ###.......   67%         5    #####..


Dungeon Overview and Level Annotations

Branches:
Dungeon (12/15)            Temple (1/1) D:6             Orc (0/2) D:10
   Lair: D:8-11

Altars:
Ashenzari
Dithmenos
Elyvilon
Fedhas
Gozag
Hepliaklqana
Kikubaaqudgha
Makhleb
Nemelex Xobeh
Okawaru
Qazlal
Ru
Sif Muna
Trog
Uskayaw
Vehumet
Wu Jian
Xom
Zin
The Shining One

Shops:
D:4 }


Innate Abilities, Weirdness & Mutations

Your experience applies equally to all skills.
You have very sharp teeth.
Your uncanny sense of smell can sniff out nearby items.


Message History

The skeletal warrior hits you with a +0 short sword!
* * * LOW HITPOINT WARNING * * *
You feel much better.
You block the skeletal warrior's attack.
You feel much better.
The skeletal warrior hits you with a +0 flail!!
The skeletal warrior hits you with a +0 short sword.
* * * LOW HITPOINT WARNING * * *
You hit the skeletal warrior.
The skeletal warrior is heavily damaged.
The skeletal warrior hits you with a +0 flail.
* * * LOW HITPOINT WARNING * * *
The skeletal warrior hits you with a +0 short sword!
* * * LOW HITPOINT WARNING * * *
Unknown command.
The skeletal warrior misses you.
There is a stone staircase leading up here.
The skeletal warrior hits you with a +0 short sword.
You die...
Your body crumbles into a pile of gold.

#...............# ..
(.###.".............#####...
......($....................
.......$....................
#######.....................
#.....................
#...).................
#...z..=#########.....
#...z@#+# .... #.....# ...
.........# ∆ .. .........# .
..........# ..........#
..........# .........#


You could see 2 skeletal warriors.

Vanquished Creatures
  A two-headed ogre (D:10)
  An unseen horror (D:10)
  A centaur skeleton (D:9)
  2 trolls
  A hornet (D:9)
  2 hippogriffs
  A wyvern (D:10)
  16 yaks
  Eustachio (D:6)
  2 hungry ghosts
  3 phantoms
  3 orc warriors
  3 sky beasts
  3 black bears
  3 ice beasts (D:11)
  A necrophage (D:5)
  3 ogres
  3 centaurs
  3 big kobolds
  3 bullfrogs
  A gnoll sergeant (D:9)
  4 scorpions
  2 howler monkeys
  11 wights
  2 crimson imps (D:6)
  A bullfrog zombie (D:6)
  A jelly (D:9)
  Crazy Yiuf (D:6)
  3 hounds
  2 bullfrog skeletons
  4 orc priests
  5 orc wizards
  An iguana (D:12)
  Natasha (thrice) (D:4)
  6 worker ants
  A hound zombie (D:7)
  A hound skeleton (D:7)
  5 gnolls (D:9)
  2 howler monkey skeletons
  11 adders
  A shadow imp (D:5)
  An ooze (D:2)
  An adder skeleton (D:7)
  2 worms
  4 dart slugs
  5 leopard geckos
  23 orcs
  5 bats
  6 giant cockroaches
  10 goblins
  9 hobgoblins
  13 jackals
  3 quokkas
  7 frilled lizards
  23 kobolds
  A leopard gecko skeleton (D:4)
  7 rats
  A fungus (D:6)
245 creatures vanquished.

Vanquished Creatures (others)
  A kobold (D:10)
1 creature vanquished.

Grand Total: 246 creatures vanquished

Notes
Turn   | Place    | Note
-------+----------+-------------------------------------------
     0 | D:1      | raphialitos the Gnoll Fighter began the quest for the Orb.
     0 | D:1      | Reached XP level 1. HP: 23/23 MP: 1/1
    54 | D:1      | Reached XP level 2. HP: 29/29 MP: 2/2
   327 | D:1      | Reached XP level 3. HP: 35/35 MP: 3/3
   717 | D:1      | Reached skill level 1 in Invocations
   850 | D:2      | Reached skill level 1 in Short Blades
   850 | D:2      | Reached skill level 1 in Axes
   850 | D:2      | Reached skill level 1 in Maces & Flails
   850 | D:2      | Reached skill level 1 in Polearms
   850 | D:2      | Reached skill level 1 in Staves
   850 | D:2      | Reached skill level 1 in Slings
   850 | D:2      | Reached skill level 1 in Bows
   850 | D:2      | Reached skill level 1 in Crossbows
   850 | D:2      | Reached skill level 1 in Throwing
   850 | D:2      | Reached skill level 1 in Dodging
   850 | D:2      | Reached skill level 1 in Stealth
   850 | D:2      | Reached skill level 1 in Unarmed Combat
   850 | D:2      | Reached skill level 1 in Spellcasting
   850 | D:2      | Reached skill level 1 in Evocations
   856 | D:2      | Reached XP level 4. HP: 29/41 MP: 5/5
  1311 | D:2      | Reached skill level 1 in Conjurations
  1311 | D:2      | Reached skill level 1 in Hexes
  1311 | D:2      | Reached skill level 1 in Charms
  1311 | D:2      | Reached skill level 1 in Summonings
  1311 | D:2      | Reached skill level 1 in Necromancy
  1311 | D:2      | Reached skill level 1 in Translocations
  1311 | D:2      | Reached skill level 1 in Transmutations
  1311 | D:2      | Reached skill level 1 in Fire Magic
  1311 | D:2      | Reached skill level 1 in Ice Magic
  1311 | D:2      | Reached skill level 1 in Air Magic
  1311 | D:2      | Reached skill level 1 in Earth Magic
  1311 | D:2      | Reached skill level 1 in Poison Magic
  1520 | D:2      | Found a radiant altar of Vehumet.
  1520 | D:2      | Found a hide-covered altar of Uskayaw.
  1941 | D:3      | Reached XP level 5. HP: 29/47 MP: 5/7
  2863 | D:3      | Reached XP level 6. HP: 53/53 MP: 8/8
  3278 | D:4      | Reached skill level 5 in Long Blades
  3399 | D:4      | Noticed Natasha
  3406 | D:4      | Killed Natasha
  3506 | D:4      | Found Qidoa's Gadget Shoppe.
  3578 | D:4      | Noticed Natasha
  3585 | D:4      | Killed Natasha
  3781 | D:4      | Noticed Natasha
  3787 | D:4      | Killed Natasha
  3873 | D:5      | Entered Level 5 of the Dungeon
  3873 | D:5      | Noticed a phantom
  3884 | D:5      | Reached XP level 7. HP: 59/59 MP: 10/10
  4648 | D:6      | Reached XP level 8. HP: 66/66 MP: 12/12
  4888 | D:6      | Found a shimmering blue altar of Sif Muna.
  4958 | D:6      | Found a staircase to the Ecumenical Temple.
  4984 | Temple   | Entered the Ecumenical Temple
  5140 | Temple   | Became a worshipper of Gozag Ym Sagoz the Greedy
  5170 | D:6      | Noticed Eustachio
  5181 | D:6      | Killed Eustachio
  6145 | D:6      | Found a runed translucent door.
  6146 | D:6      | Noticed Crazy Yiuf
  6156 | D:6      | Killed Crazy Yiuf
  6156 | D:6      | Reached XP level 9. HP: 63/72 MP: 14/14
  6527 | D:7      | Found a glowing golden altar of the Shining One.
  6855 | D:7      | Found a sacrificial altar of Ru.
  7421 | D:8      | You fall into a shaft and drop 1 floor!
  7650 | D:9      | Reached skill level 5 in Invocations
  7699 | D:9      | Found a hide-covered altar of Uskayaw.
  7757 | D:9      | Reached XP level 10. HP: 54/80 MP: 15/17
  8067 | D:9      | Reached skill level 5 in Short Blades
  8067 | D:9      | Reached skill level 5 in Axes
  8067 | D:9      | Reached skill level 5 in Maces & Flails
  8067 | D:9      | Reached skill level 5 in Polearms
  8067 | D:9      | Reached skill level 5 in Staves
  8067 | D:9      | Reached skill level 5 in Slings
  8067 | D:9      | Reached skill level 5 in Bows
  8067 | D:9      | Reached skill level 5 in Crossbows
  8067 | D:9      | Reached skill level 5 in Throwing
  8067 | D:9      | Reached skill level 5 in Dodging
  8067 | D:9      | Reached skill level 5 in Stealth
  8067 | D:9      | Reached skill level 5 in Unarmed Combat
  8067 | D:9      | Reached skill level 5 in Spellcasting
  8067 | D:9      | Reached skill level 5 in Evocations
  8609 | D:9      | Paralysed by fainting for 10 turns
  9426 | D:9      | Got a faintly humming robe
  9436 | D:9      | Identified the +1 robe of the Yeti {rElec Int+2} (You found
                  | it on level 9 of the Dungeon)
  9572 | D:10     | Entered Level 10 of the Dungeon
  9595 | D:10     | Got a dazzling leather armour
  9605 | D:10     | Identified the +2 leather armour of Pouroka {MR+ Str+2}
                  | (You found it on level 10 of the Dungeon)
  9669 | D:10     | Noticed a two-headed ogre
  9682 | D:10     | Killed a two-headed ogre
  9846 | D:10     | Reached XP level 11. HP: 70/87 MP: 19/19
 10179 | D:10     | Found a staircase to the Orcish Mines.
 10197 | D:10     | Killed an unseen horror
 11086 | D:11     | Reached skill level 5 in Conjurations
 11086 | D:11     | Reached skill level 5 in Hexes
 11086 | D:11     | Reached skill level 5 in Charms
 11086 | D:11     | Reached skill level 5 in Summonings
 11086 | D:11     | Reached skill level 5 in Necromancy
 11086 | D:11     | Reached skill level 5 in Translocations
 11086 | D:11     | Reached skill level 5 in Transmutations
 11086 | D:11     | Reached skill level 5 in Fire Magic
 11086 | D:11     | Reached skill level 5 in Ice Magic
 11086 | D:11     | Reached skill level 5 in Air Magic
 11086 | D:11     | Reached skill level 5 in Earth Magic
 11086 | D:11     | Reached skill level 5 in Poison Magic
 11117 | D:11     | Got a translucent arbalest
 11117 | D:11     | Identified the +2 arbalest of Quantum Leap {venom, rN++
                  | Str+2 Stlth+} (You found it on level 11 of the Dungeon)
 11997 | D:11     | Got a bound granite ring
 12177 | D:12     | Identified the ring of Departure {*Corrode +Inv Str+2
                  | Int+6} (You found it on level 11 of the Dungeon)
 12203 | D:12     | Noticed a skeletal warrior
 12204 | D:12     | Noticed a skeletal warrior
 12223 | D:12     | HP: 3/89 [skeletal warrior/+0 short sword[a skeletal
                  | warrior] (15)]
 12231 | D:12     | Slain by a skeletal warrior

Illustrated notes

Levels and vault maps discovered:
D:1:      mrwooster_arrival_statue, layout_basic
D:2:      layout_loops_cross, nicolae_overflow_hidden_temple
D:3:      layout_basic, first_ration, minivault_5, minmay_goblin_outpost
D:4:      layout_basic, serial_shops, shop, minmay_misc_feat_hallway,
          uniq_natasha
D:5:      layout_basic
D:6:      layout_basic, minmay_temple_entry_proselytizer,
          chequers_serial_rivers_micro_a, lemuel_altar_in_water,
          uniq_crazy_yiuf_cottage, uniq_eustachio
D:7:      layout_layer_cave, kennysheep_little_box,
          nicolae_tso_carved_into_rock, serial_rivers,
          chequers_serial_rivers_small_b, chequers_serial_rivers_micro_b,
          chequers_serial_rivers_micro_a, chequers_serial_rivers_micro_e,
          chequers_serial_rivers_micro_a, chequers_serial_rivers_small_a
D:8:      layout_cave_pools, david_lair_generic
D:9:      layout_basic, basic_altar
D:10:     layout_stronghold, orc_0_dummy
D:11:     layout_small_grid
D:12:     layout_irregular_city, uniq_psyche
Temple:   eino_temple_scatter_basement

Skill      XL: |  1  2  3  4  5  6  7  8  9 10 11 |
---------------+----------------------------------+-----
Invocations    | 1 2 3 4 5 6 |  6.8
Short Blades   | 1 2 3 4 5 6 |  6.2
Axes           | 1 2 3 4 5 6 |  6.2
Maces & Flails | 1 2 3 4 5 6 |  6.2
Polearms       | 1 2 3 4 5 6 |  6.2
Staves         | 1 2 3 4 5 6 |  6.2
Slings         | 1 2 3 4 5 6 |  6.2
Bows           | 1 2 3 4 5 6 |  6.2
Crossbows      | 1 2 3 4 5 6 |  6.2
Throwing       | 1 2 3 4 5 6 |  6.2
Dodging        | 1 2 3 4 5 6 |  6.2
Stealth        | 1 2 3 4 5 6 |  6.2
Unarmed Combat | 1 2 3 4 5 6 |  6.2
Spellcasting   | 1 2 3 4 5 6 |  6.2
Evocations     | 1 2 3 4 5 6 |  6.2
Conjurations   | 1 2 3 4 5 |  5.1
Hexes          | 1 2 3 4 5 |  5.1
Charms         | 1 2 3 4 5 |  5.1
Summonings     | 1 2 3 4 5 |  5.1
Necromancy     | 1 2 3 4 5 |  5.1
Translocations | 1 2 3 4 5 |  5.1
Transmutations | 1 2 3 4 5 |  5.1
Fire Magic     | 1 2 3 4 5 |  5.1
Ice Magic      | 1 2 3 4 5 |  5.1
Air Magic      | 1 2 3 4 5 |  5.1
Earth Magic    | 1 2 3 4 5 |  5.1
Poison Magic   | 1 2 3 4 5 |  5.1
Long Blades    | 5 6 7 |  7.8
Fighting       | 7 8 9 |  9.1
Armour         | 7 8 9 |  9.1
Shields        | 7 8 9 |  9.1

Action                   |  1- 3 |  4- 6 |  7- 9 | 10-12 || total
-------------------------+-------+-------+-------+-------++-------
Melee: Long sword        |    72 |       |       |       ||    72
       Bite              |    17 |    22 |    44 |    64 ||   147
       Short sword       |    29 |   124 |    22 |       ||   175
       Flail             |       |    76 |   323 |   231 ||   630
       Falchion          |       |       |     7 |       ||     7
       Demon whip        |       |       |       |   122 ||   122
 Fire: Arbalest          |       |       |       |    30 ||    30
Throw: Boomerang         |       |     1 |       |       ||     1
       Dart              |       |       |     2 |       ||     2
Invok: Potion Petition   |       |       |     1 |       ||     1
  Use: Scroll            |     2 |     5 |    11 |       ||    18
       Potion            |       |       |     1 |     2 ||     3
 Stab: Sleeping          |       |       |       |     4 ||     4
       Distracted        |       |       |       |     2 ||     2
  Eat: Chunk             |       |    10 |     1 |       ||    11
       Ration            |       |       |     3 |     6 ||     9
Armor: Scale mail        |    26 |     8 |       |       ||    34
       Chain mail        |       |    67 |   136 |    89 ||   292
       Leather armour    |       |       |       |    25 ||    25
Dodge: Dodged            |    34 |    40 |    91 |   135 ||   300
Block: Kite shield       |    53 |    86 |   230 |   329 ||   698
       Reflection        |       |       |     5 |     6 ||    11
       Other             |       |       |       |     1 ||     1
       Rpst.: Long sword |     7 |       |       |       ||     7
